[Event "44th BAN-ch OMICON 2018"]
[Site "Dhaka"]
[Date "2018.11.26"]
[Round "3"]
[White "S M Sharon"]
[Black "Ahmed, Sk. Nasir"]
[Result "0-1"]
[ECO "B20"]
[WhiteElo "2123"]
[BlackElo "2119"]
[Annotator "NA"]
[PlyCount "127"]
[EventDate "2018.11.24"]
[EventType "swiss"]
[EventCountry "BAN"]
[SourceTitle "playchess.com"]
[Source "ChessBase"]
[SourceQuality "1"]
[TimeControl "40/5400+30:1800+30"]

1. e4 c5 2. d3 d5 3. Nd2 Nc6 4. Ngf3 Bg4 5. h3 Bh5 6. exd5 Qxd5 7. g4 Bg6 8. Bg2 e6 9. Nh4 Qd7 10. Nc4 Be7 11. g5 Bd6 ({Black should try} 11... Rd8 $11) 12. Bxc6 Qxc6 13. Qf3 Qxf3 14. Nxd6+ ({Don't play} 14. Nxf3 Bc7 $15) 14... Kd7 15. Nxf3 Kxd6 16. Bf4+ Ke7 17. Ne5 f6 18. Nc4 e5 19. Be3 Rc8 20. f4 b5 21. gxf6+ gxf6 22. Nd2 exf4 23. Bxf4 Kf7 24. a4 b4 25. Nc4 Kg7 26. h4 h5 27. O-O-O Ne7 28. b3 Nd5 29. Bd2 Rc6 30. Rhg1 Kf7 31. Rdf1 Re8 32. Rf3 Re2 33. Rg5 f5 34. Kd1 Rce6 35. Rgxf5+ (35. Nd6+ $16 Ke7 {[#]} 36. Rxg6 $1 (36. Nxf5+ Bxf5 37. Rfxf5 Nc3+ 38. Bxc3 bxc3 $11) 36... Rxd2+ 37. Kxd2 Rxg6 38. Nxf5+ Ke6 39. d4) 35... Bxf5 36. Rxf5+ {[%emt 0:00:01] Double Attack} Nf6 37. Nd6+ Ke7 38. Ne4 $2 {[%emt 0:00:37] [#]} (38. Nc4 $11) 38... Nxe4 $1 39. dxe4 R2xe4 40. Rxc5 R6e5 $2 ({Better is} 40... Rxh4 $19 41. Bg5+ Kd6) 41. Rxe5+ Rxe5 42. Bxb4+ Ke6 43. Bd2 Kd5 44. Bg5 Ke4 45. Kd2 Rc5 46. c4 Rf5 47. Kc3 a5 48. Bd8 Rf3+ 49. Kc2 Rh3 50. Bxa5 Rxh4 51. Bc7 Rg4 (51... Kd4 $1 $15 52. a5 Rg4 53. Bb6+ Ke5) 52. Kc3 h4 53. a5 h3 54. a6 Rg6 55. a7 Ra6 56. Kb4 Rxa7 57. Bg3 Ra2 58. Kc5 Rg2 59. Bb8 Rg5+ 60. Kb6 Re5 61. c5 h2 62. Bxe5 Kxe5 63. b4 h1=Q 64. c6 0-1

[Event "44th BAN-ch OMICON 2018"]
[Site "Dhaka"]
[Date "2018.11.26"]
[Round "3"]
[White "Hossain, Showkat Pollab"]
[Black "Anata, Choudhury"]
[Result "1-0"]
[ECO "B52"]
[WhiteElo "2119"]
[BlackElo "2141"]
[Annotator "NA"]
[PlyCount "77"]
[EventDate "2018.11.24"]
[EventType "swiss"]
[EventCountry "BAN"]
[SourceTitle "playchess.com"]
[Source "ChessBase"]
[SourceQuality "1"]
[TimeControl "40/5400+30:1800+30"]

1. e4 c5 2. Nf3 d6 3. c3 Nf6 4. Bb5+ Bd7 5. Bxd7+ Qxd7 6. d3 e6 {[%emt 0:02:11] B52: Sicilian: Moscow Variation with 3...Bd7} 7. O-O Nc6 8. h3 Be7 9. Re1 O-O 10. Bf4 Rac8 (10... Rfd8 11. Nbd2 b5 12. a3 Qb7 13. Qe2 d5 14. e5 Nd7 15. Nf1 a5 16. Ng3 {½-½ (16) Savic,M (2545)-Palac,M (2539) Jahorina 2018}) 11. Nbd2 Rfd8 12. Qe2 Qe8 $146 ({Predecessor:} 12... h6 13. Rad1 Qc7 14. g4 Nh7 15. Kg2 b5 16. h4 e5 {1-0 (27) Gurieli,N (2351)-Lakos,N (2335) Batumi 1999}) 13. Nf1 Nb8 14. Ng3 Qb5 15. a4 Qa6 16. b4 cxb4 17. cxb4 d5 18. b5 Qa5 19. e5 Ne8 20. Bg5 Bxg5 21. Nxg5 h6 22. Nf3 Rc7 23. Qe3 Qb6 {[%emt 0:39:21] [#]} 24. Nd4 $1 a5 25. Kh2 Nd7 26. f4 Nf8 27. f5 Rc3 28. Nge2 Rc7 29. Qf4 ({Better is} 29. Nf4) 29... exf5 $16 30. Nxf5 Ne6 31. Qg3 Kh7 32. Nf4 d4 33. Qf3 Nxf4 34. Qxf4 Rc3 35. Rf1 Rd7 36. Rf3 Rcc7 37. Re1 Qc5 38. Rg3 Rd5 39. Rxg7+ 1-0

[Event "44th BAN-ch OMICON 2018"]
[Site "Dhaka"]
[Date "2018.11.26"]
[Round "3"]
[White "Ikramul, Haq Siam"]
[Black "Md, Sariatullah"]
[Result "1-0"]
[ECO "A11"]
[WhiteElo "2100"]
[BlackElo "2027"]
[Annotator "NA"]
[PlyCount "111"]
[EventDate "2018.11.24"]
[EventType "swiss"]
[EventCountry "BAN"]
[SourceTitle "playchess.com"]
[Source "ChessBase"]
[SourceQuality "1"]
[TimeControl "40/5400+30:1800+30"]

1. g3 d5 2. Bg2 Nf6 3. Nf3 g6 4. b3 Bg7 5. Bb2 O-O 6. c4 c6 7. O-O Nbd7 8. d3 Re8 9. Nbd2 e5 10. e4 {[%emt 0:00:30] A11: English Opening: 1...c6} (10. cxd5 cxd5 11. Rc1 b6 12. Qc2 Ba6 13. b4 Bh6 14. Rfd1 Rc8 15. Qa4 Rxc1 16. Bxc1 Qc8 17. Nb3 Bf8 18. Bg5 Bb7 {1-0 (53) Kokarev,D (2624)-Ponkratov,P (2624) Khanty-Mansiysk 2014}) 10... d4 11. b4 c5 12. a3 Nh5 $146 ({Predecessor:} 12... Rb8 13. Nb3 b6 14. Bc1 Qc7 15. Ne1 Nf8 16. f4 Ng4 17. Nc2 exf4 18. gxf4 {0-1 (44) Husser,O (1858)-Zschorsch,P (1871) Freudenstadt 2006}) 13. Re1 b6 14. Bc1 Qc7 15. Rb1 Nf8 16. Nh4 Ne6 17. Bf3 Nf6 18. Nf1 Qe7 19. Bd2 Bd7 20. Bg2 Rab8 21. b5 h5 22. h3 (22. f4 $11) 22... Nh7 23. Nf3 Neg5 24. Nxg5 Nxg5 25. Kh2 Ne6 26. h4 Kh7 27. Kg1 Qf8 28. Nh2 Bh6 29. Nf3 f6 30. a4 Nc7 31. a5 Bg4 32. Ra1 Ra8 33. Qc1 Bxf3 34. Bxf3 Bxd2 35. Qxd2 Qe7 36. Ra2 Kg7 37. Rea1 Rh8 38. Qd1 Qf7 39. axb6 axb6 40. Ra7 Qe7 41. Kf1 Rhb8 {[%emt 0:30:30] [#]} ({Better is} 41... Qd6) 42. Bg2 ({Only move:} 42. g4 $1 $16) 42... Rxa7 43. Rxa7 Ra8 44. Rb7 Qd6 45. Bh3 Ra2 46. Kg2 Ra3 47. Be6 Ra2 48. Bd5 Kh6 49. Qb1 Ra5 50. Bc6 Na8 $18 (50... Kg7 51. Qh1 (51. Rxb6 Ra7 $18) 51... Qd8) 51. Qd1 Ra2 52. Qf3 Nc7 53. Rxb6 Nxb5 54. cxb5 {[%emt 0:00:30] c4dxc4 [%clk 0:00:00] d3 [%clk 0:00:00] Qe3+ [%clk 0:00:00]} g5 55. hxg5+ Kg6 56. Be8+ 1-0

[Event "44th BAN-ch OMICON 2018"]
[Site "Dhaka"]
[Date "2018.11.26"]
[Round "3"]
[White "Swadhin, Sarkar"]
[Black "Mohammad Minhaz Uddin"]
[Result "0-1"]
[ECO "D04"]
[WhiteElo "1875"]
[BlackElo "2290"]
[Annotator "ChessBase"]
[PlyCount "42"]
[EventDate "2018.11.24"]
[EventType "swiss"]
[EventCountry "BAN"]
[SourceTitle "playchess.com"]
[Source "ChessBase"]
[SourceQuality "1"]
[TimeControl "40/5400+30:1800+30"]

1. d4 d5 2. Nf3 Nf6 3. e3 c5 4. b3 Nc6 5. Bb2 cxd4 6. exd4 Bg4 7. a3 e6 8. Bd3 Bd6 9. Nbd2 O-O 10. O-O Bh5 11. Qe1 Bg6 12. Qe2 Rc8 13. Rfc1 Nd7 14. Bxg6 hxg6 15. Ne5 Bxe5 16. dxe5 Qc7 17. Re1 Rfd8 18. c4 Nc5 19. cxd5 Rxd5 20. Nc4 Nxb3 21. Rad1 Ncd4 0-1

[Event "44th BAN-ch OMICON 2018"]
[Site "Dhaka"]
[Date "2018.11.26"]
[Round "3"]
[White "Swadhin, Sarkar"]
[Black "Mohammad Minhaz Uddin"]
[Result "*"]
[WhiteElo "1875"]
[BlackElo "2290"]
[Annotator "NA RC"]
[PlyCount "17"]
[EventDate "2018.11.24"]
[EventType "swiss"]
[EventCountry "BAN"]
[SourceTitle "playchess.com"]
[Source "ChessBase"]
[SourceQuality "1"]
[TimeControl "40/5400+30:1800+30"]

{[%evp 17,17,-12] d4d5} 1. Nf3 Nf6 2. e3 c5 3. b3 Nc6 4. Bb2 {[%emt 0:00:09] cxd4 [%clk 1:18:02] exd4 [%clk 1:29:36] Bg4 [%clk 1:17:53] a3 [%clk 1:19:20]} e6 5. Bd3 Bd6 {[%emt 0:00:57] Nbd2 [%clk 1:18:59]} 6. O-O O-O {[%emt 0:00:00] Bh5 [%clk 1:14:14]} 7. Qe1 {[%emt 0:00:46] Bg6 [%clk 1:03:05] Qe2 [%clk 1:12:40] Rc8 [%clk 1:01:11] Rfc1 [%clk 0:59:37]} Ne5 8. Bxe5 Qc7 9. c4 $11 (9. Bxf6 $18 gxf6 10. a4) *

[Event "44th BAN-ch OMICON 2018"]
[Site "Dhaka"]
[Date "2018.11.27"]
[Round "4"]
[White "Islam, Kh. Aminul"]
[Black "Mehdi Hasan Parag"]
[Result "1/2-1/2"]
[ECO "D38"]
[WhiteElo "2253"]
[BlackElo "2218"]
[Annotator "NA"]
[PlyCount "127"]
[EventDate "2018.11.24"]
[EventType "swiss"]
[EventCountry "BAN"]
[SourceTitle "playchess.com"]
[Source "ChessBase"]
[SourceQuality "1"]
[TimeControl "40/5400+30:1800+30"]

1. d4 d5 2. Nf3 Nf6 3. c4 e6 4. Nc3 Bb4 5. Bg5 h6 6. Bxf6 Qxf6 7. e3 O-O 8. Rc1 Nc6 9. Qd3 {[%emt 0:00:09] D38: Queen's Gambit Declined: Ragozin Defence (4 Nf3 Bb4)} (9. cxd5 exd5 10. Bd3 Ne7 11. a3 Bxc3+ 12. bxc3 c5 13. dxc5 Bg4 14. Be2 Rfc8 15. Qd4 Bxf3 16. gxf3 b6 17. Qxf6 gxf6 18. cxb6 axb6 {½-½ (59) Giri,A (2780)-Harikrishna,P (2743) Batumi 2018}) 9... Rd8 10. a3 Bf8 11. cxd5 $146 ({Predecessor:} 11. Be2 a6 12. O-O Na5 13. cxd5 exd5 14. b4 Nc6 15. Na4 Bd6 16. Qc3 g5 {1-0 (30) Yilmaz,M (2630)-Plat,V (2522) Minsk 2017}) 11... exd5 12. Be2 a6 13. O-O Bf5 14. Qd1 Rab8 15. Na4 Bd6 16. Nc5 Ne7 17. b4 g5 18. Nd2 Bg6 19. Bh5 c6 20. Re1 Bc7 21. Nf1 Nf5 22. Ng3 Bxg3 23. hxg3 Nd6 24. a4 Ra8 25. a5 Rac8 26. Qf3 Qxf3 27. Bxf3 Rc7 28. g4 Re7 29. Bd1 Rde8 30. Bc2 Kg7 31. Bxg6 Kxg6 32. Re2 Nb5 33. Rd2 Nd6 34. Re2 h5 35. gxh5+ Kxh5 36. Rce1 Nf5 37. Rd2 Kg6 38. g3 f6 39. Kg2 Rh8 40. Rdd1 Nd6 41. Rh1 Reh7 42. Rxh7 Rxh7 43. Rh1 Rxh1 44. Kxh1 Ne4 45. Nxb7 Nxf2+ 46. Kg2 Nd3 47. Kf3 Nxb4 48. Nc5 Kh5 49. Nd7 Kg6 50. Nf8+ Kf7 51. Nd7 Kg6 52. Nf8+ Kf7 53. Nd7 Ke6 54. Nc5+ Kf5 55. Nd7 $1 Nd3 56. Nb8 Nb4 57. Nd7 Nd3 58. Nb8 Nb4 59. Nd7 Ke6 60. Nc5+ Kf5 61. Nd7 Kg6 62. Nc5 Kh5 63. Nd7 Kg6 $11 64. Nc5 {[%emt 0:04:40] f5Ke2 [%clk 0:00:00] Kh5Kd2 [%clk 0:00:00] Kg4 [%clk 0:00:00] Kc3 [%clk 0:00:00]} 1/2-1/2

[Event "44th BAN-ch OMICON 2018"]
[Site "Dhaka"]
[Date "2018.11.27"]
[Round "4"]
[White "Abu Sufian, Shakil"]
[Black "Zia, Tahsin Tajwar"]
[Result "1/2-1/2"]
[ECO "B53"]
[WhiteElo "2230"]
[BlackElo "1803"]
[Annotator "NA"]
[PlyCount "51"]
[EventDate "2018.11.24"]
[EventType "swiss"]
[EventCountry "BAN"]
[SourceTitle "playchess.com"]
[Source "ChessBase"]
[SourceQuality "1"]
[TimeControl "40/5400+30:1800+30"]

1. e4 c5 2. Nf3 d6 3. d4 cxd4 4. Qxd4 Nf6 5. Bg5 a6 {[%emt 0:00:20] B53: Sicilian: 2...d6: Lines with Qxd4} (5... e6 6. Bb5+ Bd7 7. Bxf6 Qxf6 8. Qxf6 gxf6 9. Bxd7+ Nxd7 10. Nc3 Rc8 11. O-O-O Ne5 12. Nxe5 fxe5 13. Nb5 {½-½ (37) Xiong,J (2652)-Vachier Lagrave,M (2795) chess.com INT 2017}) 6. c4 Nc6 7. Qd3 h6 $146 ({Predecessor:} 7... e6 8. Nc3 Be7 9. Be2 h6 10. Bh4 O-O 11. a3 Nd7 12. Bxe7 Qxe7 13. Rd1 Nde5 14. Nxe5 dxe5 {1-0 (38) De Carvalho,A (1987)-Dos Santos,W (2133) Arapiraca 2016}) 8. Bxf6 gxf6 9. Nc3 e6 10. Be2 Bd7 11. O-O Be7 12. Rad1 Qc7 13. b3 Rc8 14. Rc1 Qa5 15. Nd4 Rg8 16. Rfe1 Qg5 17. Bf1 Ne5 18. Qd1 Qh4 19. g3 Qg4 20. Qxg4 Rxg4 21. f4 Nc6 22. Nxc6 Bxc6 23. Bh3 Rg8 24. f5 Bd7 $1 25. Ne2 Bd8 26. Nf4 $11 1/2-1/2

[Event "44th BAN-ch OMICON 2018"]
[Site "Dhaka"]
[Date "2018.11.27"]
[Round "4"]
[White "Anata, Choudhury"]
[Black "Mohammad Fahad, Rahman"]
[Result "1-0"]
[ECO "C88"]
[WhiteElo "2141"]
[BlackElo "2381"]
[Annotator "ChessBase"]
[PlyCount "105"]
[EventDate "2018.11.24"]
[EventType "swiss"]
[EventCountry "BAN"]
[SourceTitle "playchess.com"]
[Source "ChessBase"]
[SourceQuality "1"]
[TimeControl "40/5400+30:1800+30"]

1. e4 e5 2. Nf3 Nc6 3. Bb5 a6 4. Ba4 Nf6 5. O-O b5 6. Bb3 Bb7 7. d3 Be7 8. a4 O-O 9. Re1 Re8 10. Nc3 b4 11. Nd5 Nxd5 12. Bxd5 Bf6 13. c3 Qe7 14. d4 Rab8 15. Be3 d6 16. Qd2 Na5 17. dxe5 dxe5 18. cxb4 Bxd5 19. Qxd5 Nb7 20. Bd2 Red8 21. Qc4 Rd6 22. Bc3 h6 23. Red1 Qd7 24. Rxd6 Qxd6 25. b5 axb5 26. Qxb5 c6 27. Qe2 Nc5 28. Nd2 Ne6 29. Nc4 Qc5 30. g3 Nd4 31. Bxd4 exd4 32. e5 Be7 33. Qd3 Qd5 34. a5 Bc5 35. a6 Ba7 36. Ra5 Qd8 37. Ra4 Qd5 38. Ra3 Qb5 39. b3 Qb4 40. Kg2 Qc3 41. Qe4 Rd8 42. e6 Qb4 43. exf7+ Kxf7 44. Ne5+ Kg8 45. Nxc6 Qxa3 46. Qe6+ Kh8 47. Nxd8 d3 48. Qe8+ Kh7 49. Qe4+ Kh8 50. Qxd3 Qf8 51. f3 Bb6 52. Ne6 Qf6 53. Nf4 1-0

[Event "44th BAN-ch OMICON 2018"]
[Site "Dhaka"]
[Date "2018.11.27"]
[Round "4"]
[White "Subrota, Biswas"]
[Black "Chatterjee, Debaraj"]
[Result "1/2-1/2"]
[ECO "B55"]
[WhiteElo "2126"]
[BlackElo "2277"]
[Annotator "ChessBase"]
[PlyCount "47"]
[EventDate "2018.11.24"]
[EventType "swiss"]
[EventCountry "BAN"]
[SourceTitle "playchess.com"]
[Source "ChessBase"]
[SourceQuality "1"]
[TimeControl "40/5400+30:1800+30"]

1. e4 c5 2. Nf3 d6 3. d4 cxd4 4. Nxd4 Nf6 5. f3 e5 6. Nb3 Be7 7. c4 a5 8. a4 Qb6 9. Qd3 Nc6 10. Be3 Qd8 11. Nc3 Nb4 12. Qd2 Be6 13. Nc1 Rc8 14. b3 Nd7 15. Nd3 Nc5 16. Nxc5 dxc5 17. Rd1 Nc6 18. Nd5 O-O 19. Bd3 b6 20. O-O Nd4 21. Rb1 Bd6 22. f4 exf4 23. Bxf4 f6 24. Qf2 1/2-1/2

[Event "44th BAN-ch OMICON 2018"]
[Site "Dhaka"]
[Date "2018.11.27"]
[Round "4"]
[White "Ahmed, Sk. Nasir"]
[Black "Hossain, Showkat Pollab"]
[Result "0-1"]
[ECO "B01"]
[WhiteElo "2119"]
[BlackElo "2119"]
[Annotator "NA"]
[PlyCount "100"]
[EventDate "2018.11.24"]
[EventType "swiss"]
[EventCountry "BAN"]
[SourceTitle "playchess.com"]
[Source "ChessBase"]
[SourceQuality "1"]
[TimeControl "40/5400+30:1800+30"]

1. e4 d5 2. exd5 Qxd5 3. Nf3 Nf6 4. d4 c6 5. c4 {[%emt 0:03:50] B01: Scandinavian Defence} (5. Be2 Bg4 6. h3 Bxf3 7. Bxf3 Qa5+ 8. c3 e6 9. Bf4 Qa6 10. Qb3 Nbd7 11. Nd2 Nd5 12. Bg3 Be7 13. Nc4 {1-0 (48) Giri,A (2752)-Kramnik,V (2783) Flor & Fjaere 2014}) 5... Qd6 6. h3 Bf5 7. Nc3 Nbd7 8. Be3 e6 9. Nh4 $146 ({Predecessor:} 9. Be2 h6 10. Qd2 Qc7 11. Bd3 Bxd3 12. Qxd3 {0-1 (45) Chavez,B (1730)-Duque,M (2017) Cali 2017}) 9... Bg6 10. Nxg6 hxg6 11. Qd2 O-O-O 12. O-O-O Qc7 13. Kb1 Bb4 14. Qc2 e5 15. dxe5 Nxe5 (15... Qxe5 $11 16. Bd4 Qa5) 16. Be2 Qa5 17. Na4 Be7 18. a3 c5 19. Nc3 Nc6 20. Nd5 Bd6 21. Rd3 Kb8 (21... Be5 $1 $14) 22. Rhd1 Be5 23. f4 ({White should try} 23. Bf3 $16) 23... Bd4 24. b4 (24. Bd2 $14 Qa6 25. Bf3) 24... Nxb4 $1 25. Bd2 $2 (25. Nxb4 $11 Bxe3 26. Nc6+ bxc6 27. Rxe3) 25... Nfxd5 ({But not} 25... Nxc2 26. Bxa5 Nxd5 27. Bxd8 $17) 26. cxd5 Nxc2 27. Bxa5 {[%emt 0:00:02] [#]} Ne3 (27... Rde8 $1 $19 28. Bf3 Ne3 29. Rxd4 cxd4 30. Rxd4 Nf5) 28. Rxe3 Bxe3 29. Bxd8 Rxd8 30. g3 Kc7 31. Bc4 Kd6 32. Rf1 {[%emt 0:00:27] [#]} (32. Kc2 $17 {keeps fighting.}) 32... b5 $1 33. Rf3 bxc4 34. Rxe3 Rb8+ 35. Ka2 Rb3 36. Re8 Kxd5 37. Rd8+ Ke4 38. Rc8 Rb7 39. Rxc5 Kd4 40. Rc8 c3 41. a4 Rb4 42. Ka3 a5 43. Rd8+ Ke3 44. Rc8 Kd3 45. Rd8+ Rd4 46. Rc8 c2 47. Kb2 Rb4+ 48. Ka2 Rxa4+ 49. Kb2 Rb4+ 50. Ka2 Rb1 0-1

[Event "44th BAN-ch OMICON 2018"]
[Site "Dhaka"]
[Date "2018.11.27"]
[Round "4"]
[White "Saiful Islam, Chowdhury"]
[Black "Rahman, Taibur"]
[Result "1-0"]
[ECO "B32"]
[WhiteElo "2110"]
[BlackElo "2239"]
[Annotator "ChessBase"]
[PlyCount "79"]
[EventDate "2018.11.24"]
[EventType "swiss"]
[EventCountry "BAN"]
[SourceTitle "playchess.com"]
[Source "ChessBase"]
[SourceQuality "1"]
[TimeControl "40/5400+30:1800+30"]

1. e4 c5 2. Nf3 Nc6 3. d4 cxd4 4. Nxd4 e5 5. Nb5 d6 6. c4 Be7 7. N1c3 a6 8. Na3 f5 9. Bd3 f4 10. Bd2 Nf6 11. Nd5 O-O 12. Bc3 Kh8 13. Qd2 Be6 14. f3 Rc8 15. O-O-O b5 16. Kb1 Bxd5 17. exd5 bxc4 18. Bxc4 Nb8 19. g3 Nfd7 20. Bb3 Nc5 21. Bc2 Qe8 22. Rhg1 Bf6 23. gxf4 exf4 24. Qxf4 Bxc3 25. Qh4 h6 26. bxc3 Qe5 27. Rg6 Rc7 28. Nc4 Rb7+ 29. Kc1 Qf4+ 30. Qxf4 Rxf4 31. Re1 Nbd7 32. Nxd6 Rb8 33. Re7 Rf6 34. Nf7+ Kg8 35. Nxh6+ Kf8 36. Rexg7 Rxg6 37. Rxg6 Rb5 38. d6 Ke8 39. Rg8+ Nf8 40. Bg6+ 1-0

[Event "44th BAN-ch OMICON 2018"]
[Site "Dhaka"]
[Date "2018.11.27"]
[Round "4"]
[White "Nayem, Haque"]
[Black "Rahman, Syed Mahfuzur"]
[Result "1/2-1/2"]
[ECO "B31"]
[WhiteElo "2074"]
[BlackElo "2224"]
[Annotator "ChessBase"]
[PlyCount "123"]
[EventDate "2018.11.24"]
[EventType "swiss"]
[EventCountry "BAN"]
[SourceTitle "playchess.com"]
[Source "ChessBase"]
[SourceQuality "1"]
[TimeControl "40/5400+30:1800+30"]

1. e4 c5 2. Nf3 Nc6 3. Bb5 g6 4. d3 Qa5+ 5. Nc3 Nd4 6. Bc4 Bg7 7. Bd2 e6 8. Nb5 Qb6 9. Nfxd4 cxd4 10. Bb4 Be5 11. f4 Bxf4 12. Qf3 Be5 13. O-O f6 14. a4 a5 15. Ba3 Ne7 16. Kh1 Rf8 17. c3 dxc3 18. bxc3 Qc6 19. Bb3 Bb8 20. d4 e5 21. d5 Qb6 22. c4 d6 23. Rac1 f5 24. Qc3 Bd7 25. c5 dxc5 26. d6 Bxd6 27. Nxd6+ Qxd6 28. Bxc5 Qf6 29. exf5 gxf5 30. Rce1 e4 31. Qh3 Rc8 32. Rc1 Qg6 33. Qh4 Rf6 34. Bd1 Qg7 35. Bd4 Ng8 36. Rxc8+ Bxc8 37. Bb3 Rh6 38. Bxg7 Rxh4 39. Bxg8 Rg4 40. Bxh7 Rxg7 41. Bxf5 Bxf5 42. Rxf5 Rf7 43. Re5+ Re7 44. Rb5 e3 45. Rb1 Re4 46. Re1 Kf7 47. Kg1 Kf6 48. Kf1 Kf5 49. Ke2 Rxa4 50. Kxe3 b5 51. Rc1 Rb4 52. Kd3 a4 53. Rc5+ Kf4 54. Kc3 Rb3+ 55. Kc2 Ke4 56. Rc3 Rb4 57. h4 Rc4 58. h5 Kf5 59. Rxc4 bxc4 60. g4+ Kg5 61. Kc3 a3 62. Kc2 1/2-1/2

[Event "44th BAN-ch OMICON 2018"]
[Site "Dhaka"]
[Date "2018.11.27"]
[Round "4"]
[White "Jabed Al Azad"]
[Black "Md., Sharif Hossain"]
[Result "1/2-1/2"]
[ECO "B70"]
[WhiteElo "2008"]
[BlackElo "2198"]
[Annotator "ChessBase"]
[PlyCount "106"]
[EventDate "2018.11.24"]
[EventType "swiss"]
[EventCountry "BAN"]
[SourceTitle "playchess.com"]
[Source "ChessBase"]
[SourceQuality "1"]
[TimeControl "40/5400+30:1800+30"]

1. e4 c5 2. Nf3 d6 3. d4 cxd4 4. Nxd4 Nf6 5. Nc3 g6 6. Bg5 Bg7 7. Qd2 h6 8. Bxf6 Bxf6 9. Nd5 Bg7 10. Be2 O-O 11. O-O Nc6 12. c3 e6 13. Ne3 d5 14. exd5 exd5 15. Bf3 Be6 16. Rad1 Nxd4 17. cxd4 h5 18. Rc1 Bh6 19. Qb4 Bf4 20. g3 Bh6 21. Qb3 h4 22. Rce1 Kg7 23. Bxd5 Bxe3 24. Bxe6 Bxd4 25. Bd5 hxg3 26. hxg3 Qf6 27. Re4 g5 28. Re2 Rad8 29. Qf3 b6 30. Qxf6+ Kxf6 31. Bf3 Bc5 32. Kg2 Rd4 33. Re4 Rd2 34. Re2 Rxe2 35. Bxe2 {[%emt 0:00:30] Re8Bf3 [%clk 0:00:00]} Kf5 36. Rc1 g4 37. Bd1 Rd8 38. Bc2+ Kg5 39. Rd1 Bd4 40. Bb3 f5 41. Bc4 Kf6 42. b3 Ke5 43. Re1+ Kd6 44. a4 a5 45. Re6+ Kc5 46. f3 Rf8 47. Re7 Kb4 48. Rf7 gxf3+ 49. Kxf3 Re8 50. Rxf5 Re3+ 51. Kg2 Re4 52. Rf4 Rxf4 53. gxf4 Kc5 1/2-1/2

[Event "44th BAN-ch OMICON 2018"]
[Site "Dhaka"]
[Date "2018.11.27"]
[Round "4"]
[White "Jamal Uddin"]
[Black "S M Sharon"]
[Result "0-1"]
[ECO "B06"]
[WhiteElo "1950"]
[BlackElo "2123"]
[Annotator "NA"]
[PlyCount "162"]
[EventDate "2018.11.24"]
[EventType "swiss"]
[EventCountry "BAN"]
[SourceTitle "playchess.com"]
[Source "ChessBase"]
[SourceQuality "1"]
[TimeControl "40/5400+30:1800+30"]

1. d4 d6 2. Nf3 g6 3. e4 Bg7 4. Nc3 a6 5. a4 b6 6. Be3 {[%emt 0:00:00] B06: Modern Defence} (6. Bc4 e6 7. O-O Ne7 8. Bf4 Nd7 9. Qd2 h6 10. Rfe1 g5 11. Bg3 Ng6 12. h3 Nf6 13. e5 Nh5 14. Bh2 Nhf4 15. exd6 cxd6 {1-0 (36) Gustafsson,J (2630)-Fier,A (2636) Linares 2015}) 6... c5 (6... Bb7 $11) 7. a5 $146 ({Predecessor:} 7. Bc4 Nf6 8. e5 Ng4 9. Ng5 cxd4 10. Bxf7+ Kf8 11. Bxd4 dxe5 12. Be3 Qxd1+ 13. Rxd1 e6 14. Bxb6 Nd7 15. Be3 Nb8 {1-0 (15) Goutali,T (2225)-Chavez,R (2226) Dresden 2008}) 7... Nd7 8. axb6 Qxb6 9. Nd5 Qb8 {[%emt 0:04:55] [#]} 10. dxc5 $1 Nxc5 11. Bxc5 (11. e5 $1 $16) 11... dxc5 12. Bb5+ {[%emt 0:00:00] Back Rank} Kf8 ({Wrong is} 12... axb5 $2 13. Rxa8 Qb7 {[#]} 14. Nb6 $1 $18 ) 13. Bc6 Bb7 14. Bxb7 Qxb7 15. O-O e6 16. Nc3 Bf6 (16... Bxc3 $1 $11 17. bxc3 Qxe4) 17. e5 Be7 18. b3 h5 19. Qe2 Nh6 20. Ra4 Kg7 21. Rfa1 Nf5 22. Ne4 Rhc8 23. h3 Qd5 24. Rd1 Nd4 25. Nxd4 cxd4 26. Raxd4 (26. f4 $14) 26... Qxe5 27. Rd7 Rc7 28. Qf3 Raa7 29. Rxc7 Rxc7 30. c4 f5 31. Qc3 Qxc3 32. Nxc3 Bb4 33. Na4 Be7 34. Kf1 g5 35. Ke2 g4 36. Rd3 Kf6 37. hxg4 hxg4 38. Nb6 Bc5 39. Nd7+ Ke7 40. Ne5 Bb4 41. f3 gxf3+ 42. Rxf3 Bd6 43. Nd3 Kf6 44. Rh3 Kg7 45. Kd2 e5 46. Kc3 e4 47. Nb4 Bxb4+ 48. Kxb4 {[%emt 0:00:00] [#]} Kf6 (48... Kg6 $1 $17) 49. Rh6+ Ke5 50. Rxa6 Rg7 51. Ra5+ Ke6 52. Ra2 f4 53. Kc3 Kf5 54. c5 e3 55. b4 Ke4 56. Kc4 Rxg2 57. Rxg2 f3 58. Rg8 f2 59. Re8+ Kf3 60. Rf8+ Ke4 61. Re8+ Kf3 62. Kd4 $2 e2 63. Re3+ Kf4 64. Rxe2 f1=Q 65. Re6 Qa1+ 66. Kd5 Qh1+ 67. Kd6 Qb7 68. c6 Qxb4+ 69. Kd7 Qb5 70. Ke7 Qc4 71. Kd7 Kf5 72. Rd6 Qf7+ 73. Kc8 Qf8+ $2 (73... Ke5 $19 74. Rd2 Qe6+ 75. Kc7 Qf7+ 76. Kb6 Qb3+ 77. Kc7 Qa4) 74. Rd8 $1 Qf6 75. c7 Qa6+ 76. Kb8 $11 Qb6+ 77. Kc8 Kf6 78. Rd7 Ke6 79. Kd8 Qa5 80. Re7+ Kd6 81. Rh7 Qg5+ {[%emt 0:00:31] Rg7 [%clk 0:00:00] Qa5Rd7+ [%clk 0:00:00] Ke5Kc8 [%clk 0:00:00] Qc5 [%clk 0:00:00] Rf7 [%clk 0:00:00] Kf6 [%clk 0:00:00] Rd7 [%clk 0:00:00] Ke6*} 0-1

[Event "44th BAN-ch OMICON 2018"]
[Site "Dhaka"]
[Date "2018.11.27"]
[Round "4"]
[White "Swadhin, Sarkar"]
[Black "Ikramul, Haq Siam"]
[Result "0-1"]
[ECO "D00"]
[WhiteElo "1875"]
[BlackElo "2100"]
[Annotator "NA"]
[PlyCount "94"]
[EventDate "2018.11.24"]
[EventType "swiss"]
[EventCountry "BAN"]
[SourceTitle "playchess.com"]
[Source "ChessBase"]
[SourceQuality "1"]
[TimeControl "40/5400+30:1800+30"]

1. d4 d5 2. e3 Nf6 3. Bd3 c5 4. c3 Nc6 5. f4 Bg4 6. Nf3 e6 7. Nbd2 Bd6 {[%emt 0:00:30] D00: 1 d4 d5: Unusual lines} 8. Nf1 (8. O-O O-O 9. dxc5 Bxc5 10. Nb3 Bb6 11. Nbd4 Re8 12. Qe1 Bxf3 13. gxf3 e5 14. fxe5 Rxe5 15. Qf2 Rh5 16. Ne2 Ne5 17. Bc2 Qc7 18. Ng3 Rh6 19. Kh1 Nfg4 20. fxg4 {Makowski,T (2332)-Zielasko,A (2351) ICCF email 2016}) 8... Bh5 $146 ({Predecessor:} 8... Ne4 9. Qc2 Bxf3 10. gxf3 Qh4+ 11. Ke2 Qf2+ 12. Kd1 Qxf3+ 13. Ke1 Qxh1 14. Qb3 Rb8 15. dxc5 Bxc5 16. Bb5 O-O 17. Bd2 Qf3 18. Ng3 Qf2+ {0-1 (18) Vidal Moll,F (1791)-Valbuena Castro,G (1944) Barcelona 2015}) 9. Ng3 Bg6 10. O-O Bxd3 11. Qxd3 O-O 12. Ne5 Rc8 13. Rf3 Ne7 (13... Qb6 $17) 14. h3 g6 (14... h5 $17 15. c4 h4) 15. Ng4 Nf5 16. Nxf6+ Qxf6 17. Bd2 cxd4 18. exd4 a6 19. Ne2 Nh4 20. Rf2 Qf5 21. Qg3 Be7 22. Nc1 Qe4 23. Re2 Nf5 24. Qe1 (24. Qf2 $15 Bh4 25. Qf1) 24... Qc2 25. Be3 {[%emt 0:00:30] [#]} Nxe3 $1 26. Rxc2 Nxc2 27. Qd1 Nxa1 28. Nd3 b5 29. a3 a5 30. Qxa1 {[%emt 0:00:30] [#]} b4 $1 31. axb4 axb4 32. cxb4 Bf6 33. Qa7 (33. b3 $1 $15) 33... Rc4 34. Ne5 Bxe5 ({Don't do} 34... Rxb4 35. Qa3 $19) 35. fxe5 $2 (35. dxe5 Rxb4 36. f5) 35... Rxb4 36. Kh2 Rb3 37. Qe7 h5 38. Qf6 Rfb8 $19 39. h4 Rxb2 40. Qf4 Re2 41. Qf6 Rbb2 42. Qd8+ Kh7 43. Qe7 Rxg2+ 44. Kh3 Rgf2 45. Kg3 Rf5 46. Qf8 Rbf2 47. Qe7 R5f3# 0-1